 Dungeon Crawl Stone Soup version 0.31-a0-177-g4aa6249778 (webtiles) character file.

Game seed: 17118073980612395270

787 qw the Shooter (level 7, -1/64 HPs)
             Began as a Naga Hunter on June 18, 2023.
             Was a Follower of Okawaru.
             Slain by a killer bee (5 damage)
             ... on level 6 of the Dungeon.
             The game lasted 00:01:23 (3153 turns).

qw the Shooter (Naga Hunter)                        Turns: 3153, Time: 00:01:24

Health: -1/64      AC:  9    Str: 14    XL:     7   Next: 87%
Magic:  6/8        EV: 13    Int:  9    God:    Okawaru [*.....]
Gold:   295        SH:  0    Dex: 16    Spells: 6/6 levels left

rFire   + . .        m - +0 orcbow
rCold   + . .        (shield currently unavailable)
rNeg    . . .        d - +2 robe {rF+}
rPois   +            c - +0 helmet
rElec   .            j - +0 cloak
rCorr   .            i - +0 pair of gloves
SInv    +            (no barding)
Will    .....        (no amulet)
Stlth   +++          k - ring of protection from cold
HPRegen 0.30/turn    l - +4 ring of slaying {mikee}
MPRegen 0.11/turn

%: no passive effects
@: short of breath, heroic, very slow
A: AC +2, large, see invisible, deformed body, poison resistance, slowness 2,
spit poison 1, naga tail 1
a: Spit Poison, Renounce Religion, Heroism


You were on level 6 of the Dungeon.
You worshipped Okawaru.
Okawaru was aware of your devotion.
You visited 2 branches of the dungeon, and saw 7 of its levels.

You collected 295 gold pieces.


Innate Abilities, Weirdness & Mutations

Your serpentine skin is tough. (AC +2)
You have supernaturally acute eyesight. (SInv)
Armour fits poorly on your strangely shaped body.
Your system is resistant to poisons. (rPois)
You cover ground very slowly.
You can spit poison.
You have a snake-like lower body.


   Skills:
 - Level 4.1(9.1) Fighting
 + Level 7.5(12.5) Ranged Weapons
 - Level 1.1(6.1) Armour
 - Level 2.0(7.0) Dodging
 - Level 1.5(6.5) Stealth
 + Level 1.3 Invocations


You had 6 spell levels left.
You didn't know any spells.
Your spell library was empty.

Inventory:

Hand Weapons
 m - a +0 orcbow (weapon)
 Y - a +2 shortbow
Armour
 c - a +0 helmet (worn)
 d - a +2 robe of fire resistance (worn)
 i - a +0 pair of gloves (worn)
 j - a +0 cloak (worn)
Jewellery
 k - a ring of protection from cold (left hand)
 l - a +4 ring of slaying (right hand) {mikee}
Scrolls
 f - a scroll of identify
Potions
 a - 2 potions of curing
 b - a potion of resistance {unknown}
 e - a potion of invisibility {unknown}
 g - 2 potions of haste
 h - a potion of mutation {unknown}

Dungeon Overview and Level Annotations

Branches:
Dungeon (6/15)             Temple (1/1) D:5

Altars:
Ashenzari
Cheibriados
Elyvilon
Fedhas
Gozag
Kikubaaqudgha
Makhleb
Okawaru
Qazlal
Ru
Sif Muna
Trog
Uskayaw
Wu Jian
Yredelemnul
Zin
The Shining One


Message History

You feel sick. The killer bee stings you!
The killer bee stings you but does no damage.
The killer bee stings you.
The killer bee stings you but does no damage.
The killer bee barely misses you.
The killer bee stings you but does no damage.
The killer bee misses you.
The killer bee stings you but does no damage.
You shoot an arrow. The arrow barely misses the killer bee.
You feel sick.
The killer bee stings you but does no damage.
The killer bee closely misses you. The killer bee stings you.
The killer bee barely misses you.
You shoot an arrow. The arrow hits the killer bee!
The killer bee is heavily wounded.
You feel sick. The killer bee misses you. The killer bee completely misses you.
The killer bee closely misses you. x3
The killer bee stings you but does no damage.
The killer bee closely misses you. The killer bee barely misses you.
You shoot an arrow.
The arrow completely misses the killer bee.
You have got your breath back.
You feel sick.
The killer bee stings you but does no damage. x2
The killer bee stings you. The killer bee barely misses you.
The killer bee stings you but does no damage.
The killer bee misses you. The killer bee barely misses you.
The killer bee closely misses you.
3153 ||| INVOKING Spit Poison.
Aiming: Spit Poison (1% risk of failure)
Press: ? - help, Shift-Dir - straight line, f/p - killer bee The splash of poison hits the killer bee!
The killer bee is poisoned.
You kill the killer bee!
Okawaru accepts your kill.
You feel sick.
You are no longer poisoned.
The killer bee stings you but does no damage.
The killer bee stings you.
You die...

.~.~.....~.####
.~.~~~~~.......
.~.......~.....
.¤~¤~~~~~¤...
............
..........#
......yy..# #@y# #
################..##.#
.....<.#......#......#
.......'......'......#
.......#......#%.....#
.......#......#......#
.......#....(.#......#
.......#......#......#
######################


You could see 3 killer bees.

Vanquished Creatures
  A black bear (D:4)
  A centaur (D:6)
  A phantom (D:4)
  A scorpion (D:5)
  3 killer bees (D:6)
  A howler monkey (D:5)
  A hound (D:4)
  A jelly (D:5)
  An orc priest (D:5)
  Jessica (D:2)
  2 iguanas (D:5)
  An orc wizard (D:4)
  A mummy (D:4)
  6 adders
  2 worms (D:2)
  4 dart slugs
  15 orcs
  4 endoplasms
  A giant cockroach (D:2)
  6 goblins
  7 hobgoblins
  4 jackals
  3 kobolds
  3 quokkas
  8 ball pythons
  5 bats
  8 frilled lizards
  6 rats (D:1)
98 creatures vanquished.

Notes
Turn   | Place    | Note
-------+----------+-------------------------------------------
     0 | D:1      | qw the Naga Hunter began the quest for the Orb.
     0 | D:1      | Reached XP level 1. HP: 19/19 MP: 1/1
     0 | D:1      | 0 ||| qw: Version: 0.3-a-7-ge0c9b40
     0 | D:1      | 0 ||| qw: Game counter: 796
     0 | D:1      | 0 ||| qw: Always use a shield: true
     0 | D:1      | 0 ||| qw: God list: Okawaru
     0 | D:1      | 0 ||| qw: Allow faded altars: false
     0 | D:1      | 0 ||| qw: Do Orc after D:15 true
     0 | D:1      | 0 ||| qw: Do second Lair branch before Depths: true
     0 | D:1      | 0 ||| qw: Lair rune preference: random
     0 | D:1      | 0 ||| qw: Plans: Normal
     0 | D:1      | 0 ||| PLANNING D:1-11
     8 | D:1      | 8 ||| INVOKING Spit Poison.
    19 | D:1      | 19 ||| INVOKING Spit Poison.
    66 | D:1      | 66 ||| INVOKING Spit Poison.
    70 | D:1      | Reached skill level 4 in Ranged Weapons
    70 | D:1      | Reached XP level 2. HP: 23/26 MP: 2/2
    91 | D:1      | 91 ||| INVOKING Spit Poison.
    95 | D:1      | 95 ||| INVOKING Spit Poison.
   122 | D:1      | 122 ||| INVOKING Spit Poison.
   129 | D:1      | 129 ||| INVOKING Spit Poison.
   134 | D:1      | 134 ||| INVOKING Spit Poison.
   138 | D:1      | 138 ||| INVOKING Spit Poison.
   149 | D:1      | 149 ||| INVOKING Spit Poison.
   158 | D:1      | 158 ||| INVOKING Spit Poison.
   178 | D:1      | 178 ||| INVOKING Spit Poison.
   197 | D:1      | 197 ||| INVOKING Spit Poison.
   203 | D:1      | Reached XP level 3. HP: 32/32 MP: 3/3
   203 | D:1      | 203 ||| INVOKING Spit Poison.
   239 | D:1      | 239 ||| INVOKING Spit Poison.
   303 | D:1      | 303 ||| INVOKING Spit Poison.
   314 | D:1      | 314 ||| INVOKING Spit Poison.
   335 | D:1      | 335 ||| INVOKING Spit Poison.
   368 | D:1      | 368 ||| INVOKING Spit Poison.
   378 | D:1      | 378 ||| INVOKING Spit Poison.
   466 | D:1      | 466 ||| INVOKING Spit Poison.
   489 | D:1      | 489 ||| INVOKING Spit Poison.
   508 | D:1      | 508 ||| INVOKING Spit Poison.
   627 | D:1      | 627 ||| DROPPING +6 ring of intelligence.
   628 | D:1      | 628 ||| READING scroll labelled UNESEO FORISUU.
   629 | D:1      | 629 ||| READING scroll labelled LERAXT ANELA.
   630 | D:1      | 630 ||| READING scroll labelled RUCWULAODGH.
   631 | D:1      | 631 ||| DRINKING 2 orange potions.
   632 | D:1      | 632 ||| DROPPING scroll of butterflies.
   679 | D:2      | 679 ||| INVOKING Spit Poison.
   728 | D:2      | 728 ||| INVOKING Spit Poison.
   755 | D:2      | 755 ||| INVOKING Spit Poison.
   784 | D:2      | 784 ||| INVOKING Spit Poison.
   788 | D:2      | 788 ||| INVOKING Spit Poison.
   791 | D:2      | 791 ||| INVOKING Spit Poison.
   795 | D:2      | Reached skill level 5 in Ranged Weapons
   795 | D:2      | Reached XP level 4. HP: 32/39 MP: 4/4
   856 | D:2      | 856 ||| INVOKING Spit Poison.
   883 | D:2      | Found a faded altar of an unknown god.
   887 | D:2      | 887 ||| INVOKING Spit Poison.
   893 | D:2      | 893 ||| INVOKING Spit Poison.
   926 | D:2      | 926 ||| INVOKING Spit Poison.
   964 | D:2      | 964 ||| INVOKING Spit Poison.
  1090 | D:2      | Noticed Jessica
  1093 | D:2      | 1093 ||| INVOKING Spit Poison.
  1093 | D:2      | Killed Jessica
  1132 | D:2      | 1132 ||| INVOKING Spit Poison.
  1299 | D:2      | 1299 ||| UPGRADING to +2 robe of fire resistance.
  1309 | D:2      | 1309 ||| DROPPING +0 leather armour.
  1310 | D:2      | 1310 ||| READING scroll labelled HIFY XOLASUBYU.
  1311 | D:2      | 1311 ||| DRINKING 2 blue potions.
  1513 | D:3      | Reached skill level 3 in Fighting
  1515 | D:3      | 1515 ||| INVOKING Spit Poison.
  1521 | D:3      | 1521 ||| INVOKING Spit Poison.
  1525 | D:3      | 1525 ||| INVOKING Spit Poison.
  1527 | D:3      | Reached XP level 5. HP: 47/49 MP: 5/5
  1637 | D:3      | 1637 ||| INVOKING Spit Poison.
  1859 | D:3      | 1859 ||| UPGRADING to +0 helmet.
  1864 | D:3      | 1864 ||| READING 2 scrolls labelled SAPHIPTATA.
  1869 | D:3      | 1869 ||| READING scroll labelled AQAEVOOMER.
  1870 | D:3      | 1870 ||| READING scroll labelled BEIQAM PIASUO.
  1871 | D:3      | 1871 ||| DRINKING 2 murky silvery potions.
  1943 | D:4      | Found a snail-covered altar of Cheibriados.
  2025 | D:4      | Noticed a black bear
  2026 | D:4      | 2026 ||| INVOKING Spit Poison.
  2033 | D:4      | 2033 ||| INVOKING Spit Poison.
  2035 | D:4      | Killed a black bear
  2036 | D:4      | Reached skill level 6 in Ranged Weapons
  2039 | D:4      | 2039 ||| INVOKING Spit Poison.
  2042 | D:4      | Reached XP level 6. HP: 26/56 MP: 6/6
  2195 | D:4      | 2195 ||| INVOKING Spit Poison.
  2264 | D:4      | 2264 ||| INVOKING Spit Poison.
  2288 | D:4      | Found a hide-covered altar of Uskayaw.
  2300 | D:4      | 2300 ||| INVOKING Spit Poison.
  2304 | D:4      | 2304 ||| INVOKING Spit Poison.
  2319 | D:4      | 2319 ||| INVOKING Spit Poison.
  2410 | D:4      | 2410 ||| UPGRADING to +0 pair of gloves.
  2415 | D:4      | 2415 ||| UPGRADING to +0 cloak.
  2427 | D:5      | Entered Level 5 of the Dungeon
  2442 | D:5      | Found a staircase to the Ecumenical Temple.
  2443 | D:5      | 2443 ||| PLANNING TEMPLE
  2450 | Temple   | Entered the Ecumenical Temple
  2451 | Temple   | 2451 ||| PLANNING OKAWARU WORSHIP
  2467 | Temple   | Became a worshipper of Warmaster Okawaru
  2468 | Temple   | 2468 ||| PLANNING D:1-11
  2474 | D:5      | 2474 ||| INVOKING Spit Poison.
  2484 | D:5      | 2484 ||| INVOKING Spit Poison.
  2515 | D:5      | 2515 ||| INVOKING Spit Poison.
  2534 | D:5      | 2534 ||| INVOKING Spit Poison.
  2540 | D:5      | 2540 ||| INVOKING Spit Poison.
  2543 | D:5      | 2543 ||| INVOKING Spit Poison.
  2544 | D:5      | Reached XP level 7. HP: 54/64 MP: 7/7
  2546 | D:5      | 2546 ||| Stepping ~*~*~tactically~*~*~ (outnumbered).
  2548 | D:5      | 2548 ||| Stepping ~*~*~tactically~*~*~ (outnumbered).
  2549 | D:5      | 2549 ||| INVOKING Spit Poison.
  2552 | D:5      | 2552 ||| Stepping ~*~*~tactically~*~*~ (outnumbered).
  2555 | D:5      | 2555 ||| INVOKING Spit Poison.
  2559 | D:5      | 2559 ||| INVOKING Spit Poison.
  2562 | D:5      | 2562 ||| INVOKING Spit Poison.
  2567 | D:5      | HP: 6/64 [orc priest/divine providence (13)]
  2568 | D:5      | 2568 ||| READING scroll of teleportation.
  2569 | D:5      | 2569 ||| DRINKING potion of heal wounds.
  2570 | D:5      | 2570 ||| INVOKING Spit Poison.
  2593 | D:5      | 2593 ||| INVOKING Spit Poison.
  2598 | D:5      | 2598 ||| INVOKING Spit Poison.
  2599 | D:5      | Reached skill level 7 in Ranged Weapons
  2615 | D:5      | 2615 ||| INVOKING Spit Poison.
  2724 | D:5      | 2724 ||| INVOKING Spit Poison.
  2729 | D:5      | 2729 ||| INVOKING Spit Poison.
  2735 | D:5      | Reached skill level 1 in Armour
  2751 | D:5      | 2751 ||| INVOKING Spit Poison.
  2756 | D:5      | 2756 ||| INVOKING Spit Poison.
  2790 | D:5      | 2790 ||| READING scroll of enchant weapon.
  2790 | D:5      | 2790 ||| ENCHANTING +1 shortbow.
  2943 | D:5      | 2943 ||| INVOKING Spit Poison.
  3058 | D:5      | 3058 ||| UPGRADING to ring of protection from cold.
  3059 | D:5      | 3059 ||| UPGRADING to +4 ring of slaying {mikee}.
  3064 | D:6      | 3064 ||| PLANNING OSSUARY
  3074 | D:6      | 3074 ||| INVOKING Spit Poison.
  3076 | D:6      | Reached * piety under Okawaru
  3137 | D:6      | 3137 ||| SWAPPING to +0 orcbow.
  3139 | D:6      | 3139 ||| INVOKING Spit Poison.
  3144 | D:6      | Reached skill level 1 in Invocations
  3146 | D:6      | 3146 ||| INVOKING Heroism.
  3147 | D:6      | 3147 ||| INVOKING Spit Poison.
  3149 | D:6      | HP: 14/64 [killer bee (4)]
  3152 | D:6      | HP: 6/64 [poisoned by a killer bee]
  3153 | D:6      | 3153 ||| INVOKING Spit Poison.
  3153 | D:6      | Slain by a killer bee

Levels and vault maps discovered:
D:1:      dpeg_arrival_simpleton_b, layout_loops_ring
D:2:      layout_loops_ring, shapermc_ecumenical_altar_mp_ritualfount,
          uniq_jessica
D:3:      layout_rooms, nicolae_eternal_life
D:4:      layout_rooms, slow_altar_1, lemuel_doored_altar, st_stairs_2,
          mrwooster_statue_mirror
D:5:      layout_rooms, minmay_temple_entry_arrows
D:6:      layout_gridville, mainiacjoe_overflow_concentric_impassable,
          nicolae_ossuary_entry_ruins
Temple:   minmay_freezing_vapour_temple

Skill      XL: |  1  2  3  4  5  6  7 |
---------------+----------------------+-----
Ranged Weapons | 4 5 6 7 |  7.5
Fighting       | 3 4 |  4.1
Dodging        | 2 |  2.0
Armour         | 1 |  1.1
Invocations    | 1 |  1.3
Stealth        | |  1.5

Action                     |  1- 3 |  4- 6 |  7- 9 || total
---------------------------+-------+-------+-------++-------
   Fire: Shortbow          |    58 |   104 |    40 ||   202
         Orcbow            |       |       |    12 ||    12
 Invoke: Heroism           |       |       |     1 ||     1
Ability: Spit Poison       |    29 |    25 |    17 ||    71
    Use: Scroll            |     3 |     4 |     2 ||     9
         Potion            |     1 |     2 |     1 ||     4
 Armour: Leather armour    |     1 |     4 |       ||     5
         Robe              |       |    24 |    38 ||    62
  Dodge: Dodged            |     5 |    18 |    57 ||    80

Table legend:
 A = Non-vault XP
 B = Vault XP
 C = Vault XP percentage of total XP
 D = Non-vault monster count
 E = Vault monster count
 F = Vault count percentage of total count
                 A         B        C        D         E       F
            +---------+---------+-------+---------+---------+-------
      Total |     974 |     217 |  18.2 |      93 |       5 |   5.1
            +---------+---------+-------+---------+---------+-------
        D:1 |      55 |       0 |   0.0 |      34 |       0 |   0.0
        D:2 |      58 |      37 |  38.9 |      18 |       1 |   5.3
        D:3 |      23 |       0 |   0.0 |       9 |       0 |   0.0
        D:4 |     155 |     180 |  53.7 |       7 |       4 |  36.4
        D:5 |     378 |       0 |   0.0 |      21 |       0 |   0.0
        D:6 |     305 |       0 |   0.0 |       4 |       0 |   0.0
            +---------+---------+-------+---------+---------+-------
